[Event "48th Indian U15-ch Girls 2023"]
[Site "Jalgaon"]
[Date "2023.12.29"]
[Round "5.5"]
[White "Akshaya Sathi"]
[Black "Sachi Jain"]
[Result "0-1"]
[WhiteElo "1542"]
[BlackElo "1844"]
[PlyCount "130"]
[EventDate "2023.12.30"]
[EventType "swiss"]
[EventCountry "IND"]
[TimeControl "5400+30"]

1. e4 e5 2. Nf3 Nc6 3. d4 exd4 4. Nxd4 Bc5 5. Be3 Qf6 6. c3 Nge7 7. g3 d5 8. Bg2 Bxd4 9. cxd4 dxe4 10. Nc3 Bf5 11. Nxe4 Bxe4 12. Bxe4 O-O 13. Qg4 Qd6 14. Qd1 Rad8 15. O-O Nd5 16. Qc2 h6 17. a3 Nce7 18. Rac1 c6 19. g4 Qe6 20. Kh1 Nxe3 21. fxe3 Qxg4 22. Bf5 Nxf5 23. Qxf5 Qxf5 24. Rxf5 Rfe8 25. Rc3 Rd6 26. Kg2 Rg6+ 27. Kf2 Re4 28. Kf3 Rh4 29. Rc2 Rg1 30. Re5 Rh3+ 31. Ke4 Re1 32. Kd3 Kf8 33. Rd2 f6 34. Re4 Rh1 35. Kc4 R1xh2 36. Rxh2 Rxh2 37. b4 Rh5 38. a4 a6 39. Rg4 Rg5 40. Rf4 h5 41. e4 Ke7 42. a5 Ke6 43. Rf3 h4 44. Rh3 Rh5 45. d5+ cxd5+ 46. exd5+ Kd6 47. b5 Rxd5 48. bxa6 bxa6 49. Rxh4 Rxa5 50. Rh7 Ra4+ 51. Kd3 Rg4 52. Rh5 g5 53. Rh8 Ke5 54. Ra8 Ra4 55. Ke3 Ra3+ 56. Kf2 Kf4 57. Rf8 f5 58. Rc8 Ra2+ 59. Kf1 Kg4 60. Rc4+ f4 61. Rc5 a5 62. Kg1 a4 63. Ra5 a3 64. Rb5 Rb2 65. Ra5 a2 0-1

[Event "48th Indian U15-ch Girls 2023"]
[Site "Jalgaon"]
[Date "2023.12.29"]
[Round "5.6"]
[White "Sneha Halder"]
[Black "Krishika Garg"]
[Result "1-0"]
[WhiteElo "1766"]
[BlackElo "1529"]
[PlyCount "133"]
[EventDate "2023.12.30"]
[EventType "swiss"]
[EventCountry "IND"]
[TimeControl "5400+30"]

1. g3 Nf6 2. Bg2 d5 3. Nf3 Bg4 4. O-O Nbd7 5. d3 e5 6. Nc3 c6 7. Bg5 Qc7 8. a3 Be7 9. h3 Bh5 10. Qd2 h6 11. Bxf6 Nxf6 12. Nh4 O-O 13. Nf5 Bg6 14. Nxe7+ Qxe7 15. e3 Rfe8 16. Rae1 e4 17. d4 Nh7 18. Ne2 Ng5 19. Nf4 Bf5 20. g4 Bh7 21. Qe2 Qd7 22. Rc1 Rac8 23. c4 Ne6 24. Nxe6 Rxe6 25. Rc3 Ree8 26. Rfc1 f5 27. b4 fxg4 28. hxg4 dxc4 29. Rxc4 Bg6 30. Rc5 b6 31. R5c3 Bf7 32. f4 exf3 33. Bxf3 Bd5 34. Bg2 Qd6 35. Qf2 Rcd8 36. Bxd5+ cxd5 37. Rc6 Qe7 38. Rg6 Qxe3 39. Qxe3 Rxe3 40. Rc7 Rf3 41. Rgxg7+ Kf8 42. Kg2 Rf6 43. Rh7 Kg8 44. Rcg7+ Kf8 45. Rxa7 Kg8 46. Kg3 Rc8 47. Rag7+ Kf8 48. Rc7 Rxc7 49. Rxc7 Re6 50. Rd7 Re3+ 51. Kh4 Rxa3 52. Rxd5 Kf7 53. Rb5 Rd3 54. Rxb6 Rxd4 55. Kh5 Ke7 56. b5 Rb4 57. Rb8 Kd7 58. b6 Kc6 59. Rh8 Rb5+ 60. Kh4 Rb1 61. Rxh6+ Kb7 62. Rf6 Rb4 63. Kh5 Rb1 64. g5 Rh1+ 65. Kg6 Rg1 66. Kh6 Rh1+ 67. Kg7 1-0

[Event "48th Indian U15-ch Girls 2023"]
[Site "Jalgaon"]
[Date "2023.12.29"]
[Round "5.7"]
[White "Aditi Arun"]
[Black "Arshiya Das"]
[Result "0-1"]
[WhiteElo "1447"]
[BlackElo "1729"]
[PlyCount "110"]
[EventDate "2023.12.30"]
[EventType "swiss"]
[EventCountry "IND"]
[TimeControl "5400+30"]

1. e4 g6 2. d4 Bg7 3. f4 d6 4. c3 a6 5. Nf3 b6 6. Be3 Bb7 7. Nbd2 e6 8. Qc2 Ne7 9. Be2 Nd7 10. O-O h6 11. b4 O-O 12. Nb3 Kh7 13. Bd3 f5 14. Rae1 Qe8 15. Bd2 Qf7 16. e5 dxe5 17. fxe5 Kh8 18. Re2 g5 19. Ref2 g4 20. Ne1 Ng6 21. g3 Qe7 22. Qc1 Kh7 23. Ng2 Rfc8 24. Nf4 Nxf4 25. Rxf4 h5 26. R4f2 Nf8 27. Re1 Ng6 28. Bg5 Qd7 29. Bf1 Nh8 30. Bg2 Bxg2 31. Rxg2 Nf7 32. Bf4 Rg8 33. Qe3 Bh6 34. Bxh6 Nxh6 35. Nc1 Nf7 36. Ne2 Ng5 37. Rf1 Nh3+ 38. Kh1 Qb5 39. Rc1 Qe8 40. Nf4 Ng5 41. d5 Rd8 42. Rd1 exd5 43. Nxd5 Ne4 44. Qf4 Qe6 45. Rgd2 Nxd2 46. Nf6+ Kg6 47. Nxg8 Qd5+ 48. Kg1 Nf3+ 49. Kf2 Qxa2+ 50. Ke3 Qxg8 51. Rxd8 Qxd8 52. Ke2 Qd5 53. Qe3 Qxe5 54. Kf2 Qxe3+ 55. Kxe3 Nxh2 0-1

[Event "48th Indian U15-ch Girls 2023"]
[Site "Jalgaon"]
[Date "2023.12.29"]
[Round "5.8"]
[White "Rajanya Datta"]
[Black "Asmita Avijit Ray"]
[Result "0-1"]
[WhiteElo "1688"]
[BlackElo "1470"]
[PlyCount "86"]
[EventDate "2023.12.30"]
[EventType "swiss"]
[EventCountry "IND"]
[TimeControl "5400+30"]

1. e4 c6 2. d4 d5 3. f3 dxe4 4. fxe4 e5 5. Nf3 Bg4 6. Bc4 Nd7 7. O-O Ngf6 8. c3 Bd6 9. Bg5 O-O 10. Qc2 Qb6 11. Nbd2 Qc7 12. Kh1 Rae8 13. Bd3 b5 14. Rae1 h6 15. Be3 Re7 16. Nb3 Rfe8 17. Bc1 a5 18. Qf2 exd4 19. cxd4 Nxe4 20. Bxe4 Rxe4 21. Ne5 Nf6 22. Rxe4 Nxe4 23. Qc2 Nf6 24. h3 Be6 25. Bxh6 Nh5 26. Bf4 Nxf4 27. Rxf4 Bxe5 28. dxe5 Qxe5 29. Qxc6 Bd5 30. Qc1 Qg5 31. Qd2 Bxg2+ 32. Kh2 Bd5 33. Qf2 Re1 34. Rg4 Qe5+ 35. Qf4 Rh1+ 36. Kg3 Qe1+ 37. Qf2 Rxh3+ 38. Kxh3 Qxf2 39. Rd4 Be6+ 40. Rg4 Qf3+ 41. Kh2 Bxg4 42. Nxa5 Bh3 43. a4 Qg2# 0-1

[Event "48th Indian U15-ch Girls 2023"]
[Site "Jalgaon"]
[Date "2023.12.29"]
[Round "5.9"]
[White "Drishtee Ghosh"]
[Black "Yashvi Jain"]
[Result "1-0"]
[WhiteElo "1605"]
[BlackElo "1442"]
[PlyCount "63"]
[EventDate "2023.12.30"]
[EventType "swiss"]
[EventCountry "IND"]
[TimeControl "5400+30"]

1. e4 e5 2. Bc4 Nc6 3. Nc3 Bc5 4. d3 Nf6 5. f4 d6 6. Nf3 a6 7. f5 h6 8. Qe2 Ng4 9. h3 Nf6 10. g4 Nd4 11. Nxd4 Bxd4 12. Nd1 c6 13. c3 Ba7 14. Be3 Qe7 15. Bxa7 Rxa7 16. Ne3 b5 17. Bb3 Rd7 18. O-O-O d5 19. exd5 cxd5 20. h4 Bb7 21. g5 Ng8 22. f6 gxf6 23. Nf5 Qd8 24. Rhe1 hxg5 25. hxg5 e4 26. dxe4 dxe4 27. Qg4 Kf8 28. Rxd7 Qxd7 29. Rd1 Qc7 30. Qg3 Qc8 31. Qd6+ Ke8 32. Ng7# 1-0

[Event "48th Indian U15-ch Girls 2023"]
[Site "Jalgaon"]
[Date "2023.12.29"]
[Round "5.10"]
[White "Suravi Bhattacharya"]
[Black "Nivedita V C"]
[Result "0-1"]
[WhiteElo "1420"]
[BlackElo "1638"]
[PlyCount "154"]
[EventDate "2023.12.30"]
[EventType "swiss"]
[EventCountry "IND"]
[TimeControl "5400+30"]

1. d4 Nf6 2. c4 g6 3. g3 Bg7 4. Bg2 O-O 5. Nf3 d6 6. Nc3 Nc6 7. O-O e5 8. d5 Ne7 9. e4 Nd7 10. Be3 h6 11. Qd2 Kh7 12. Rac1 f5 13. b4 a5 14. a3 Nf6 15. Ne1 Ng4 16. Nd3 g5 17. exf5 Nxf5 18. Ne4 Nd4 19. Bxd4 exd4 20. c5 dxc5 21. bxc5 Bf5 22. d6 Kh8 23. dxc7 Qxc7 24. Nd6 Bxd3 25. Qxd3 Ne5 26. Qe4 Rab8 27. h3 b5 28. f4 Nf7 29. Nxf7+ Rxf7 30. fxg5 Rxf1+ 31. Rxf1 Qxg3 32. gxh6 Bxh6 33. Qxd4+ Qg7 34. Qxg7+ Bxg7 35. c6 Be5 36. Rf5 Re8 37. Rf7 b4 38. axb4 axb4 39. Rb7 Bd6 40. Bf3 Rg8+ 41. Kf2 Rg7 42. Rb5 Kg8 43. Bg4 Ra7 44. Ke3 Kf7 45. Kd4 Ke7 46. Rh5 Kd8 47. Kd5 Bh2 48. Rh8+ Kc7 49. Rc8+ Kb6 50. h4 b3 51. Ke6 Ra5 52. Bd1 b2 53. Bc2 Rh5 54. Kd7 Rxh4 55. c7 Rd4+ 56. Ke6 Bxc7 57. Rg8 Rd2 58. Bf5 Re2+ 59. Kd7 Rd2+ 60. Ke7 Kc6 61. Rg4 Re2+ 62. Kf6 Rf2 63. Rg1 Bf4 64. Rb1 Bc1 65. Ke5 Kc5 66. Bh7 Rf7 67. Bg6 Re7+ 68. Kf5 Ra7 69. Ke5 Kb4 70. Kd4 Rd7+ 71. Ke5 Ra7 72. Kd4 Ra1 73. Bc2 Ka3 74. Kc4 Bg5 75. Kc3 Bf6+ 76. Kd2 Ka2 77. Rd1 Rc1 0-1

[Event "48th Indian U15-ch Girls 2023"]
[Site "Jalgaon"]
[Date "2023.12.31"]
[Round "6.1"]
[White "Saparya Ghosh"]
[Black "Bhat Sannidhi Ramakrishna"]
[Result "1/2-1/2"]
[ECO "E90"]
[WhiteElo "1662"]
[BlackElo "1637"]
[Annotator "NA COMBH"]
[PlyCount "143"]
[EventDate "2023.12.30"]
[EventType "swiss"]
[EventCountry "IND"]
[SourceTitle "playchess.com"]
[Source "ChessBase"]
[SourceQuality "1"]
[TimeControl "5400+30"]

1. d4 Nc6 2. Nf3 d6 3. d5 Nb8 4. e4 g6 5. c4 Bg7 6. h3 Nf6 7. Nc3 O-O 8. Bd3 a5 9. O-O Na6 10. Re1 Nc5 11. Bc2 Nfd7 12. Be3 e5 13. dxe6 Nxe6 14. Rb1 Ne5 15. Nd2 Nc5 16. Qe2 Re8 17. Rbd1 b6 18. a3 Bd7 19. f4 Nc6 20. Qf2 f5 21. exf5 Bxf5 22. Bxf5 gxf5 23. Nf3 Bxc3 24. bxc3 Ne4 25. Qc2 Qf6 26. Qa4 Ne7 27. Bd4 Qf7 28. Ng5 Nxg5 29. fxg5 f4 30. Re4 Ng6 31. Rde1 Rxe4 32. Rxe4 Rf8 33. Bf6 h6 34. h4 Nxh4 35. Re7 Qg6 36. Rg7+ Qxg7 37. Bxg7 Kxg7 38. Qd7+ Kg6 39. gxh6 Kxh6 40. Qxc7 Rf6 41. Qd8 Kg7 42. Qc7+ Kh6 43. Qd8 Kg7 44. Qxb6 f3 45. gxf3 Nxf3+ 46. Kg2 Nh4+ 47. Kh3 Ng6 48. Qxa5 Ne5 49. Qc7+ Kg6 50. c5 Kf5 51. cxd6 Rf7 52. Qc8+ Kf4 53. Kg2 Ke4 54. Qa8+ Ke3 55. Kg3 Rg7+ 56. Kh4 Kf4 57. Qa4+ Kf5 58. Qb5 Kf4 59. Qf1+ Ke4 60. Qe2+ Kf4 61. Qf2+ Ke4 62. Qf6 Rg6 63. Qxg6+ Nxg6+ 64. Kg5 Nf4 65. d7 Ke5 66. d8=N Ne2 67. Nc6+ Kd6 68. Nd4 Nxc3 69. Kf4 Kc5 70. Ke3 Nb5 71. Nc2 Nxa3 72. Nxa3 1/2-1/2

[Event "48th Indian U15-ch Girls 2023"]
[Site "Jalgaon"]
[Date "2023.12.31"]
[Round "6.2"]
[White "Arshiya Das"]
[Black "Shubhi Gupta"]
[Result "1/2-1/2"]
[ECO "C54"]
[WhiteElo "1729"]
[BlackElo "1902"]
[Annotator "COMBH"]
[PlyCount "60"]
[EventDate "2023.12.30"]
[EventType "swiss"]
[EventCountry "IND"]
[SourceTitle "playchess.com"]
[Source "ChessBase"]
[SourceQuality "1"]
[TimeControl "5400+30"]

1. e4 e5 2. Nf3 Nc6 3. Bc4 Bc5 4. c3 Nf6 5. d4 exd4 6. b4 Bb6 7. e5 d5 8. exf6 dxc4 9. Qe2+ Be6 10. b5 d3 11. Qe4 Nb4 12. O-O Nc2 13. fxg7 Rg8 14. Bg5 Qd5 15. Qxh7 Kd7 16. Nbd2 Bf5 17. Qh5 Rae8 18. Bf6 Nxa1 19. Rxa1 Kc8 20. h4 Qe6 21. Qg5 Bg6 22. g4 Qe2 23. Rf1 Be4 24. Nd4 Bxd4 25. Bxd4 Re6 26. f3 Rg6 27. Qf4 Bd5 28. h5 R6xg7 29. Bxg7 Rxg7 30. h6 Rg8 1/2-1/2

[Event "48th Indian U15-ch Girls 2023"]
[Site "Jalgaon"]
[Date "2023.12.31"]
[Round "6.3"]
[White "Sachi Jain"]
[Black "Sneha Halder"]
[Result "1-0"]
[ECO "B18"]
[WhiteElo "1844"]
[BlackElo "1766"]
[Annotator "NA COMBH"]
[PlyCount "91"]
[EventDate "2023.12.30"]
[EventType "swiss"]
[EventCountry "IND"]
[SourceTitle "playchess.com"]
[Source "ChessBase"]
[SourceQuality "1"]
[TimeControl "5400+30"]

1. e4 c6 2. d4 d5 3. Nc3 dxe4 4. Nxe4 Bf5 5. Ng3 Bg6 6. Bc4 e6 7. N1e2 Bd6 8. O-O Ne7 9. c3 O-O 10. Nf4 Bxf4 11. Bxf4 Nd7 12. Qe2 Nb6 13. Bd3 Bxd3 14. Qxd3 Ng6 15. Be3 Qd5 16. b3 f5 17. f4 e5 18. c4 Qd7 19. Rad1 Rad8 20. Qc3 exf4 21. Bxf4 Nc8 22. d5 cxd5 23. Rxd5 Qe6 24. Nxf5 Rd7 25. Re1 Qf7 26. Rxd7 Qxd7 27. Re7 Qxe7 28. Nxe7+ Ncxe7 29. Bd6 Rd8 30. Bxe7 Nxe7 31. Qe5 Kf7 32. Qc7 Rd1+ 33. Kf2 Rd2+ 34. Kf1 Rxa2 35. Qxb7 Ke6 36. Qe4+ Kf6 37. c5 Ra6 38. b4 Re6 39. Qd4+ Kf7 40. b5 Nf5 41. Qd7+ Kf6 42. h3 Ng3+ 43. Kg1 Ne2+ 44. Kf2 Nf4 45. Qd4+ Kf5 46. c6 1-0

[Event "48th Indian U15-ch Girls 2023"]
[Site "Jalgaon"]
[Date "2023.12.31"]
[Round "6.4"]
[White "Aamuktha Guntaka"]
[Black "Sherali Pattnaik"]
[Result "1-0"]
[ECO "C82"]
[WhiteElo "1532"]
[BlackElo "1575"]
[Annotator "NA COMBH"]
[PlyCount "151"]
[EventDate "2023.12.30"]
[EventType "swiss"]
[EventCountry "IND"]
[SourceTitle "playchess.com"]
[Source "ChessBase"]
[SourceQuality "1"]
[TimeControl "5400+30"]

1. e4 e5 2. Nf3 Nc6 3. Bb5 a6 4. Ba4 Nf6 5. O-O Nxe4 6. d4 b5 7. Bb3 d5 8. dxe5 Be6 9. c3 Bc5 10. Nbd2 O-O 11. Bc2 Nxf2 12. Rxf2 f6 13. Nf1 Bxf2+ 14. Kxf2 fxe5 15. Kg1 h6 16. Be3 Qd6 17. b4 Rf7 18. a4 Rd8 19. axb5 axb5 20. Bc5 Qd7 21. Qe1 e4 22. N3d2 Ne5 23. Rd1 Bg4 24. Ra1 Re8 25. Qe3 Ng6 26. Ng3 Qd8 27. h3 Bd7 28. Ne2 Nh4 29. Ng3 Re5 30. Rf1 Rxf1+ 31. Ndxf1 Rg5 32. Qf2 Qc8 33. Kh2 Qd8 34. Bd1 Qf6 35. Bd4 Qxf2 36. Bxf2 Re5 37. Ne3 Ng6 38. Ne2 c6 39. Nd4 Re8 40. Bh5 Kh7 41. Nef5 Rf8 42. Bxg6+ Kxg6 43. g4 Re8 44. Be3 Kf6 45. Kg3 Ra8 46. h4 Ra3 47. Bd2 Ra2 48. Be3 Ra3 49. g5+ hxg5 50. hxg5+ Kg6 51. Nh4+ Kf7 52. Ne2 Ra2 53. Nf4 Rc2 54. Bd4 Rd2 55. Nhg2 Bc8 56. Ne3 Bd7 57. g6+ Kf8 58. Nh5 Kg8 59. Nf4 Kf8 60. Nh5 Kg8 61. Kf4 Be8 62. Kg5 Bd7 63. Bxg7 Rh2 64. Be5 Rxh5+ 65. Kxh5 Be8 66. Kh6 Bd7 67. Bd4 Bc8 68. Ng2 Kf8 69. g7+ Kg8 70. Nf4 Bf5 71. Nh5 Bh7 72. Nf6+ Kf7 73. Kxh7 e3 74. g8=Q+ Ke7 75. Qe8+ Kd6 76. Qe5# 1-0

[Event "48th Indian U15-ch Girls 2023"]
[Site "Jalgaon"]
[Date "2023.12.31"]
[Round "6.5"]
[White "Anupam M Sreekumar"]
[Black "Asmita Avijit Ray"]
[Result "1-0"]
[ECO "B19"]
[WhiteElo "1642"]
[BlackElo "1470"]
[Annotator "NA COMBH"]
[PlyCount "139"]
[EventDate "2023.12.30"]
[EventType "swiss"]
[EventCountry "IND"]
[SourceTitle "playchess.com"]
[Source "ChessBase"]
[SourceQuality "1"]
[TimeControl "5400+30"]

1. e4 c6 2. d4 d5 3. Nc3 dxe4 4. Nxe4 Bf5 5. Ng3 Bg6 6. h4 h6 7. Nf3 Nd7 8. Bd3 Bxd3 9. Qxd3 e6 10. Bd2 Ngf6 11. O-O-O Be7 12. Qe2 c5 13. Rhe1 O-O 14. Nf5 exf5 15. Qxe7 Ne4 16. Qxd8 Raxd8 17. Be3 b6 18. Nd2 cxd4 19. Bxd4 Rfe8 20. Nxe4 fxe4 21. g4 f6 22. Re3 Nb8 23. Rc3 Kf7 24. Be3 Rc8 25. Rxc8 Rxc8 26. Bf4 g5 27. hxg5 hxg5 28. Bxb8 Rxb8 29. Rd4 Ke6 30. Rxe4+ Kd6 31. Kd2 Rf8 32. Rd4+ Kc6 33. Ke3 f5 34. gxf5 Rxf5 35. f3 a5 36. Rd8 b5 37. Rc8+ Kd6 38. a3 Re5+ 39. Kf2 Kd7 40. Rc3 Rf5 41. Kg3 Ke6 42. Kg4 Rd5 43. Rc6+ Kf7 44. Ra6 a4 45. Rc6 Re5 46. f4 gxf4 47. Kxf4 Rh5 48. Ke4 Ke7 49. Kd4 Kd7 50. Rc5 Rh2 51. Kc3 Rh4 52. Rxb5 Kc6 53. Rb8 Kc5 54. Rc8+ Kb5 55. Re8 Rh3+ 56. Kd4 Rh2 57. Re5+ Kb6 58. Kc3 Rh3+ 59. Kb4 Rh4+ 60. c4 Rh2 61. Rb5+ Ka6 62. Kxa4 Ka7 63. b3 Ra2 64. Kb4 Ka8 65. Rh5 Ra1 66. c5 Rc1 67. Kb5 Kb8 68. b4 Rc3 69. Kb6 Kc8 70. c6 1-0

[Event "48th Indian U15-ch Girls 2023"]
[Site "Jalgaon"]
[Date "2023.12.31"]
[Round "6.6"]
[White "Mrittika Mallick"]
[Black "Chaarvi Choudhury"]
[Result "1-0"]
[ECO "B40"]
[WhiteElo "1970"]
[BlackElo "1468"]
[Annotator "COMBH"]
[PlyCount "81"]
[EventDate "2023.12.30"]
[EventType "swiss"]
[EventCountry "IND"]
[SourceTitle "playchess.com"]
[Source "ChessBase"]
[SourceQuality "1"]
[TimeControl "5400+30"]

1. e4 c5 2. Nf3 e6 3. b3 d5 4. exd5 exd5 5. Bb5+ Nc6 6. O-O Be7 7. Re1 Nf6 8. Qe2 Bg4 9. Bxc6+ bxc6 10. Ba3 Ne4 11. d3 Ng5 12. Qxe7+ Qxe7 13. Rxe7+ Kxe7 14. Nxg5 Kf6 15. Nf3 Bxf3 16. gxf3 c4 17. bxc4 dxc4 18. d4 Rhd8 19. c3 Re8 20. Kf1 Ke6 21. Bc5 Kd5 22. Na3 f5 23. Nc2 f4 24. Nb4+ Ke6 25. Nxc6 Rac8 26. Nxa7 Rb8 27. Nc6 Rb2 28. a4 Rc2 29. Re1+ Kf7 30. Rxe8 Kxe8 31. Bb4 Rc1+ 32. Kg2 Kd7 33. Ne5+ Ke6 34. Nxc4 Kd5 35. Nb6+ Kc6 36. a5 Rd1 37. d5+ Kb5 38. d6 g5 39. d7 Kc6 40. Be7 Kc7 41. d8=Q+ 1-0

[Event "48th Indian U15-ch Girls 2023"]
[Site "Jalgaon"]
[Date "2023.12.31"]
[Round "6.7"]
[White "Nivedita V C"]
[Black "Kumari Prasad Jagriti"]
[Result "1-0"]
[ECO "E43"]
[WhiteElo "1638"]
[BlackElo "1506"]
[Annotator "NA COMBH"]
[PlyCount "105"]
[EventDate "2023.12.30"]
[EventType "swiss"]
[EventCountry "IND"]
[SourceTitle "playchess.com"]
[Source "ChessBase"]
[SourceQuality "1"]
[TimeControl "5400+30"]

1. d4 Nf6 2. c4 e6 3. Nc3 Bb4 4. e3 b6 5. Nf3 Bb7 6. Bd3 O-O 7. O-O d6 8. a3 Bxc3 9. bxc3 Nbd7 10. Qc2 c5 11. e4 h6 12. e5 Ne8 13. Be4 Qc8 14. Bf4 cxd4 15. cxd4 dxe5 16. Nxe5 Bxe4 17. Qxe4 Nef6 18. Qf3 Nxe5 19. Bxe5 Nd7 20. Bd6 Re8 21. Rac1 e5 22. c5 bxc5 23. dxc5 e4 24. Qc3 Qc6 25. Rfd1 Rac8 26. h3 Nf6 27. Be5 Re6 28. Qd4 Rce8 29. Bxf6 Rxf6 30. Qd7 a5 31. Qxc6 Rxc6 32. Rd6 Rec8 33. Rxc6 Rxc6 34. Kf1 f5 35. Ke2 Kf7 36. Ke3 Ke6 37. Kd4 g6 38. Kc4 f4 39. Kb5 Rc8 40. c6 Kd6 41. Rd1+ Ke5 42. Kb6 e3 43. fxe3 fxe3 44. c7 Kf4 45. Rd8 e2 46. Rxc8 e1=Q 47. Rf8+ Kg3 48. c8=Q Qb1+ 49. Ka7 Qg1+ 50. Ka6 Qxg2 51. Qg4+ Kh2 52. Qxg2+ Kxg2 53. Rf6 1-0

[Event "48th Indian U15-ch Girls 2023"]
[Site "Jalgaon"]
[Date "2023.12.31"]
[Round "6.8"]
[White "Ananya Raman"]
[Black "Drishtee Ghosh"]
[Result "1-0"]
[ECO "B90"]
[WhiteElo "1505"]
[BlackElo "1605"]
[Annotator "NA COMBH"]
[PlyCount "79"]
[EventDate "2023.12.30"]
[EventType "swiss"]
[EventCountry "IND"]
[SourceTitle "playchess.com"]
[Source "ChessBase"]
[SourceQuality "1"]
[TimeControl "5400+30"]

1. e4 c5 2. Nf3 d6 3. d4 cxd4 4. Nxd4 Nf6 5. Nc3 a6 6. Be3 e5 7. Nb3 Be7 8. f3 Be6 9. Qd2 h5 10. O-O-O Nbd7 11. Nd5 Nxd5 12. exd5 Bf5 13. Bd3 Bxd3 14. Qxd3 Bg5 15. Kb1 Bxe3 16. Qxe3 O-O 17. g4 hxg4 18. fxg4 b5 19. h4 Nf6 20. Qf3 g6 21. Nd2 Kg7 22. Rdf1 Rc8 23. h5 Ng8 24. hxg6 fxg6 25. Qh3 Rxf1+ 26. Nxf1 Nf6 27. Qh6+ Kf7 28. g5 Nh5 29. Qh7+ Ng7 30. Ne3 Qg8 31. Rf1+ Ke7 32. Qxg6 Rf8 33. Rf6 Qh8 34. Qxg7+ Qxg7 35. Nf5+ Kd8 36. Nxg7 Rh8 37. Rh6 Rg8 38. Ne6+ Kc8 39. g6 Kb8 40. g7 1-0

[Event "48th Indian U15-ch Girls 2023"]
[Site "Jalgaon"]
[Date "2023.12.31"]
[Round "6.9"]
[White "Avika Panwar"]
[Black "Kirthika B"]
[Result "0-1"]
[ECO "B97"]
[WhiteElo "1173"]
[BlackElo "1605"]
[Annotator "NA COMBH"]
[PlyCount "60"]
[EventDate "2023.12.30"]
[EventType "swiss"]
[EventCountry "IND"]
[SourceTitle "playchess.com"]
[Source "ChessBase"]
[SourceQuality "1"]
[TimeControl "5400+30"]

1. e4 c5 2. Nf3 d6 3. d4 cxd4 4. Nxd4 Nf6 5. Nc3 a6 6. Bg5 e6 7. f4 h6 8. Bh4 Qb6 9. Qd2 Qxb2 10. Rb1 Qa3 11. e5 dxe5 12. fxe5 Nd5 13. Nxd5 exd5 14. Rb3 Qa4 15. Nf3 Nc6 16. Be2 Qa5 17. c3 Bc5 18. Rf1 O-O 19. Bf2 Bxf2+ 20. Rxf2 Qc5 21. g4 Bxg4 22. Rg2 Bxf3 23. Bxf3 Nxe5 24. Bxd5 Rae8 25. Kd1 Rd8 26. c4 Nxc4 27. Rxg7+ Kxg7 28. Rg3+ Kh7 29. Qc2+ f5 30. Rg7+ Kxg7 0-1

[Event "48th Indian U15-ch Girls 2023"]
[Site "Jalgaon"]
[Date "2023.12.31"]
[Round "6.10"]
[White "Mishka Mathur"]
[Black "Rajanya Datta"]
[Result "1/2-1/2"]
[ECO "D02"]
[WhiteElo "1414"]
[BlackElo "1688"]
[Annotator "NA COMBH"]
[PlyCount "108"]
[EventDate "2023.12.30"]
[EventType "swiss"]
[EventCountry "IND"]
[SourceTitle "playchess.com"]
[Source "ChessBase"]
[SourceQuality "1"]
[TimeControl "5400+30"]

1. d4 d5 2. Nf3 Nf6 3. Bf4 c5 4. e3 Nc6 5. c3 Qb6 6. b3 Bf5 7. Bd3 Bxd3 8. Qxd3 e6 9. Nbd2 Be7 10. O-O Rc8 11. h3 O-O 12. Ne5 Qa5 13. Nxc6 Rxc6 14. c4 Rd8 15. Rac1 a6 16. a4 Qb6 17. Nf3 Rcc8 18. Rfd1 h6 19. Be5 Nd7 20. cxd5 Nxe5 21. Nxe5 Rxd5 22. Qb1 Rcd8 23. Nc4 Qb4 24. dxc5 Bxc5 25. Rxd5 Rxd5 26. Rd1 Qc3 27. Rc1 Qf6 28. Rd1 Rf5 29. Qc2 g6 30. Nd6 Bxd6 31. Rxd6 Rg5 32. Rd1 Qf3 33. Rd8+ Kh7 34. g3 Qf6 35. Rd7 b5 36. h4 Rh5 37. Kg2 Kg7 38. Rd4 e5 39. Rd5 bxa4 40. bxa4 Rf5 41. e4 Rf3 42. Rd3 Rxd3 43. Qxd3 Qc6 44. a5 Kf6 45. f3 Kg7 46. Qd2 Qb5 47. g4 Qc5 48. g5 h5 49. Qd8 Qc2+ 50. Kg3 Qc5 51. Qb6 Qc3 52. Qxa6 Qe1+ 53. Kg2 Qd2+ 54. Kf1 Qd1+ 1/2-1/2

[Event "48th Indian U15-ch Girls 2023"]
[Site "Jalgaon"]
[Date "2023.12.31"]
[Round "7.1"]
[White "Bhat Sannidhi Ramakrishna"]
[Black "Sachi Jain"]
[Result "1-0"]
[ECO "D02"]
[WhiteElo "1637"]
[BlackElo "1844"]
[Annotator "NA RC"]
[PlyCount "81"]
[EventDate "2023.12.30"]
[EventType "swiss"]
[EventCountry "IND"]
[SourceTitle "playchess.com"]
[Source "ChessBase"]
[SourceQuality "1"]
[TimeControl "5400+30"]

1. d4 d5 2. Bf4 e6 3. e3 Nf6 4. Nd2 c5 5. c3 Nc6 6. Ngf3 Bd6 7. Bg3 O-O 8. Bd3 Qe7 9. Ne5 Nd7 10. Nxd7 Qxd7 11. Qh5 f5 12. f4 c4 13. Bc2 b5 14. a3 a5 15. Bf2 Qf7 16. Qh3 Bd7 17. g4 b4 18. Nf3 g6 19. gxf5 exf5 20. Ng5 Qe7 21. Qf3 Kg7 22. h4 h5 23. O-O b3 24. Bd1 Be6 25. Qg2 Qf6 26. Bxh5 Rh8 27. Bf3 Ne7 28. h5 Kf8 29. Bh4 Ke8 30. Qg3 Kd7 31. Ne4 Qf7 32. Ng5 Qf6 33. e4 Bc7 34. Nh7 Qg7 35. Nf6+ Kc6 36. exd5+ Bxd5 37. Rae1 Bxf3 38. Qxf3+ Kd6 39. Rxe7 Kxe7 40. Re1+ Kf7 41. Qd5+ 1-0

[Event "48th Indian U15-ch Girls 2023"]
[Site "Jalgaon"]
[Date "2023.12.31"]
[Round "7.2"]
[White "Shubhi Gupta"]
[Black "Aamuktha Guntaka"]
[Result "1-0"]
[ECO "D40"]
[WhiteElo "1902"]
[BlackElo "1532"]
[Annotator "RC"]
[PlyCount "85"]
[EventDate "2023.12.30"]
[EventType "swiss"]
[EventCountry "IND"]
[SourceTitle "playchess.com"]
[Source "ChessBase"]
[SourceQuality "1"]
[TimeControl "5400+30"]

1. d4 d5 2. Nf3 e6 3. e3 c5 4. c4 Nf6 5. Nc3 Nc6 6. a3 a5 7. Bd3 Be7 8. O-O O-O 9. b3 b6 10. Bb2 Bb7 11. Rc1 Rc8 12. Bb1 Na7 13. Ne5 Bd6 14. f4 Ne4 15. cxd5 exd5 16. Nxe4 dxe4 17. Nc4 Be7 18. Qg4 f5 19. Qh5 Ba6 20. Rfd1 Bxc4 21. Rxc4 Qe8 22. Qe2 b5 23. Rc2 cxd4 24. Bxd4 Nc6 25. Bb2 b4 26. a4 Na7 27. g4 Rxc2 28. Qxc2 Qg6 29. Qg2 Bc5 30. Bd4 Bxd4 31. Rxd4 Rc8 32. Rd1 Qb6 33. Qd2 Nc6 34. Qd5+ Kh8 35. Re1 Ne7 36. Qd7 Qg6 37. h3 Qf6 38. g5 Qf8 39. Rd1 Nc6 40. Qe6 Nb8 41. Kf2 Rd8 42. Qxf5 Qe7 43. Qxe4 1-0

[Event "48th Indian U15-ch Girls 2023"]
[Site "Jalgaon"]
[Date "2023.12.31"]
[Round "7.3"]
[White "Nivedita V C"]
[Black "Saparya Ghosh"]
[Result "1-0"]
[ECO "D02"]
[WhiteElo "1638"]
[BlackElo "1662"]
[Annotator "NA RC"]
[PlyCount "109"]
[EventDate "2023.12.30"]
[EventType "swiss"]
[EventCountry "IND"]
[SourceTitle "playchess.com"]
[Source "ChessBase"]
[SourceQuality "1"]
[TimeControl "5400+30"]

1. Nf3 d5 2. g3 Nf6 3. Bg2 c6 4. O-O Bg4 5. Ne5 Bf5 6. d4 e6 7. c4 Bd6 8. Qb3 Qc8 9. Bf4 O-O 10. Ng6 Bxf4 11. Ne7+ Kh8 12. Nxc8 Rxc8 13. gxf4 dxc4 14. Qxb7 Nbd7 15. Qa6 Nb6 16. Nc3 Nbd5 17. e4 Nxc3 18. bxc3 Nxe4 19. Qxc4 Nd2 20. Qa6 Nxf1 21. Rxf1 Rc7 22. Bxc6 Rac8 23. Bb7 Rb8 24. Bg2 h6 25. h3 Rb2 26. Rc1 Rd2 27. Qd6 Rc4 28. Qb8+ Kh7 29. Qxa7 Bg6 30. Qa6 Rdxd4 31. cxd4 Rxc1+ 32. Kh2 Rd1 33. Qc4 Rd2 34. a4 Rxf2 35. Kg1 Rxf4 36. a5 e5 37. a6 Rxd4 38. Qxd4 exd4 39. a7 d3 40. a8=Q d2 41. Bf3 Bc2 42. Be4+ Bxe4 43. Qxe4+ g6 44. Qd5 d1=Q+ 45. Qxd1 g5 46. Kg2 Kg6 47. Qd3+ f5 48. h4 gxh4 49. Kh3 Kg5 50. Qe3+ f4 51. Qe5+ Kg6 52. Kxh4 f3 53. Qe6+ Kg7 54. Kh5 f2 55. Qe7+ 1-0

[Event "48th Indian U15-ch Girls 2023"]
[Site "Jalgaon"]
[Date "2023.12.31"]
[Round "7.4"]
[White "Anupam M Sreekumar"]
[Black "Mrittika Mallick"]
[Result "0-1"]
[ECO "B23"]
[WhiteElo "1642"]
[BlackElo "1970"]
[Annotator "RC"]
[PlyCount "74"]
[EventDate "2023.12.30"]
[EventType "swiss"]
[EventCountry "IND"]
[SourceTitle "playchess.com"]
[Source "ChessBase"]
[SourceQuality "1"]
[TimeControl "5400+30"]

1. e4 c5 2. Nc3 d6 3. f4 Nc6 4. Nf3 e6 5. a4 Nge7 6. Bb5 a6 7. Bxc6+ Nxc6 8. d3 g6 9. O-O Bg7 10. Qe1 O-O 11. Kh1 Nd4 12. Nxd4 cxd4 13. Ne2 f5 14. Qb4 a5 15. Qc4 Bd7 16. c3 Rc8 17. Qb3 fxe4 18. dxe4 d3 19. Nd4 Qe8 20. Rd1 d5 21. exd5 Bxd4 22. cxd4 exd5 23. Qxd3 Bg4 24. Rg1 Bf5 25. Qb5 Qxb5 26. axb5 b6 27. Bd2 Rc2 28. Bc3 Be4 29. Raf1 g5 30. h3 Rxf4 31. Rxf4 gxf4 32. h4 Kf7 33. Kh2 Kf6 34. Kh3 a4 35. Ra1 Rxg2 36. Rxa4 f3 37. Ra8 Bf5# 0-1